 Dungeon Crawl Stone Soup version 0.29-a0-995-g8a7feb118f (console) character file.

Game seed: 7007055530516102884

2 Ignak the Ogre Mage (level 1, 0/16 HPs)
             Began as an Ogre Hedge Wizard on Aug 4, 2022.
             Slain by a ball python (2 damage)
             ... on level 1 of the Dungeon.
             The game lasted 00:00:27 (82 turns).

Ignak the Ogre Mage (Ogre Hedge Wizard)               Turns: 82, Time: 00:00:28

Health: 0/16       AC:  3    Str: 13    XL:     1   Next: 30%
Magic:  5/5        EV:  9    Int: 15    God:
Gold:   0          SH:  0    Dex:  8    Spells: 6/7 levels left

rFire   . . .      SeeInvis .   a - +0 dagger
rCold   . . .      Faith    .   (no shield)
rNeg    . . .      Spirit   .   b - +0 robe
rPois   .          Reflect  .   c - +0 hat
rElec   .          Harm     .   (no cloak)
rCorr   .          Rampage  .   (gloves unavailable)
Will    .....                   (boots unavailable)
Stlth   +.........              (no amulet)
HPRegen 0.05/turn               (no ring)
MPRegen 0.09/turn               (no ring)

@: no status effects
A: large, unfitting armour, tough skin 1, wild magic 1
a: no special abilities


You were on level 1 of the Dungeon.
You visited 1 branch of the dungeon, and saw 1 of its levels.

Inventory:

Hand Weapons
 a - a +0 dagger (weapon)
Armour
 b - a +0 robe (worn)
 c - a +0 hat (worn)
Potions
 d - a potion of magic
 f - a potion of curing


   Skills:
 + Level 0.1 Fighting
 + Level 1.7 Dodging
 + Level 1.4 Stealth
 + Level 0.1 Unarmed Combat
 + Level 3.6 Spellcasting
 + Level 0.9 Conjurations
 + Level 0.9 Summonings
 + Level 0.9 Translocations


You had 6 spell levels left.
You knew the following spells:

 Your Spells              Type           Power      Damage    Failure   Level
a - Magic Dart            Conj           28%        1d4       19%         1

Your spell library contained the following spells:

 Spells                   Type           Power      Damage    Failure   Level
 Slow                     Hex            12%        N/A       26%         1
 Blink                    Tloc           14%        N/A       28%         2
 Call Imp                 Summ           7%         N/A       28%         2
 Conjure Flame            Conj/Fire      5%         6-21      52%         3
 Mephitic Cloud           Conj/Pois/Air  4%         N/A       54%         3


Dungeon Overview and Level Annotations

Branches:
Dungeon (1/15)

Altars:


Innate Abilities, Weirdness & Mutations

You are too large for most types of armour.
You have tough skin. (AC +1)
Your spells are a little harder to cast, but a little more powerful.


Message History

You hear an angry hiss.
The kobold hits you but does no damage. The kobold barely misses you.
You see here a +0 dagger.
You barely miss the ball python. The ball python barely misses you.
The kobold barely misses you.
The kobold hits you with a +0 short sword.
You barely miss the ball python.
The kobold hits you with a +0 short sword.
The ball python attacks as you move away!
The ball python barely misses you.
The ball python attacks as you move away!
The ball python misses you.
The ball python bites you but does no damage.
The ball python bites you. The ball python barely misses you.
The ball python attacks as you move away!
The ball python bites you.
The ball python bites the bush but does no damage.
Casting: Magic Dart (safe; 19% risk of failure)
Confirm with . or Enter, or press ? or * to list all spells.
You don't know that spell.
Unknown command.
The ball python attacks as you move away!
The ball python closely misses you. The ball python bites you.
* * * LOW HITPOINT WARNING * * *
You barely miss the ball python.
The ball python bites you but does no damage.
You hit the ball python.
The ball python is moderately wounded.
The ball python barely misses you.
You barely miss the ball python. The ball python closely misses you.
The ball python bites you.
* * * LOW HITPOINT WARNING * * *
You hit the ball python but do no damage.
The ball python is moderately wounded.
The ball python barely misses you. The ball python bites you.
* * * LOW HITPOINT WARNING * * *
The ball python bites you.
You die...

♣.P..)♣♣ ...♣♣♣...♣♣
♣P....P♣ #. ♣♣.....P♣
..## ♣.PK♣.P♣♣ ...
♣.♣.PPP♣ # ...
#♣.P.♣♣# ..
#♣♣♣♣.####♣♣.♣###.##
♣..♣♣♣....@S........
♣♣....♣....S........
♣♣P........†.........
♣P.....♣####...###.#.
.####♣♣P♣P.♣♣ #...#
.. ......♣...♣♣ #...#
. #...♣♣♣♣#### #...#
#..........# #...# #
##.#.......# .....


You could see 2 ball pythons.

Vanquished Creatures
  A kobold (D:1)
  A frilled lizard (D:1)
2 creatures vanquished.

Vanquished Creatures (others)
  A plant (D:1)
1 creature vanquished.

Grand Total: 3 creatures vanquished

Notes
Turn   | Place    | Note
-------+----------+-------------------------------------------
     0 | D:1      | Ignak the Ogre Hedge Wizard began the quest for the Orb.
     0 | D:1      | Reached XP level 1. HP: 16/16 MP: 5/5
    32 | D:1      | Gained mutation: Your spells are a little harder to cast,
                  | but a little more powerful. [potion of mutation]
    82 | D:1      | Slain by a ball python

Illustrated notes

Levels and vault maps discovered:
D:1:      amcnicky_arrival_feature_with_door, layout_loops_cross, serial_forest,
          infiniplex_forest_lined_3, infiniplex_forest_end_2,
          infiniplex_forest_clump_large, infiniplex_forest_3_way,
          infiniplex_forest_lined_corner, infiniplex_forest_clump_long,
          dreamdust_ecumenical_altar_sealed_demon

Action                   || total
-------------------------++-------
Melee: Dagger            ||    13
  Use: Potion            ||     2
 Stab: Sleeping          ||     1
Armor: Robe              ||     6
Dodge: Dodged            ||    10

Table legend: (Time is in decaauts)
 A = Elapsed time spent in this place.
 B = Non-inter-level travel time spent in this place.
 C = Inter-level travel time spent in this place.
 D = Time resting spent in this place.
 E = Time spent auto-exploring this place.
 F = Levels seen in this place.
 G = Mean time per level.
                   A        B        C        D        E       F      G
               +--------+--------+--------+--------+--------+-----+--------+
         Total |     82 |     82 |      0 |      0 |     40 |   1 |   82.0 |
       Dungeon |     82 |     82 |      0 |      0 |     40 |   1 |   82.0 |
               +--------+--------+--------+--------+--------+-----+--------+

Top non-repeatable levels by time:
     D:1: 82 daAuts
